 Dungeon Crawl Stone Soup version 0.31-a0-702-gf82c85558f (webtiles) character file.

Game seed: 7322487165930967939

153 qw the Shooter (level 5, -8/32 HPs)
             Began as a Gargoyle Hunter on Sept 7, 2023.
             Mangled by an ogre
             ... wielding a +0 giant spiked club
              (12 damage)
             ... on level 4 of the Dungeon.
             The game lasted 00:01:36 (1913 turns).

qw the Shooter (Gargoyle Hunter)                    Turns: 1913, Time: 00:01:36

Health: -8/32      AC:  7    Str: 14    XL:     5   Next: 35%
Magic:  5/5        EV: 11    Int: 10    God:
Gold:   31         SH:  0    Dex: 15    Spells: 4/4 levels left

rFire   + . .        Y - +0 shortbow
rCold   . . .        (shield currently unavailable)
rNeg    + . .        c - +0 leather armour
rPois   inf          (no helmet)
rElec   +            (no cloak)
rCorr   .            (no gloves)
SInv    .            (no boots)
Will    .....        (no amulet)
Stlth   ++           d - ring of protection from fire
HPRegen 0.25/turn    (no ring)
MPRegen 0.09/turn

%: no passive effects
@: no status effects
A: sickness immunity, AC +4, negative energy resistance 1, electricity
resistance, torment resistance 1, petrification resistance
a: no special abilities


You were on level 4 of the Dungeon.
You visited 1 branch of the dungeon, and saw 4 of its levels.

You collected 77 gold pieces.
You spent 46 gold pieces at shops.


Innate Abilities, Weirdness & Mutations

You are immune to sickness and miasma.
Your stone body is resilient. (AC +4)
You are immune to poison.
You resist negative energy. (rN+)
You are resistant to electric shocks. (rElec)
You are resistant to unholy torment.
You are immune to petrification.


   Skills:
 + Level 3.2 Fighting
 - Level 6.1 Ranged Weapons
 - Level 1.5 Dodging
 - Level 1.1 Stealth


You had 4 spell levels left.
You didn't know any spells.
Your spell library was empty.

Inventory:

Hand Weapons
 Y - a +0 shortbow (weapon)
Armour
 c - a +0 leather armour (worn)
Jewellery
 d - a ring of protection from fire (left hand)
Scrolls
 b - a scroll of identify
Potions
 a - a potion of heal wounds {unknown}
 e - a potion of degeneration {unknown}
 f - a potion of mutation {unknown}
 g - a potion of might {unknown}
 j - a potion of attraction {unknown}

Dungeon Overview and Level Annotations

Branches:
Dungeon (4/15)
 Temple: D:4-7

Altars:

Shops:
D:1 :*[**


Message History

The scorpion closely misses you.
You shoot an arrow. The arrow hits the scorpion.
You kill the scorpion!
Your Ranged Weapons skill increases to level 6!
You have reached level 5!
You see here a scorpion corpse.
b - a scroll of identify
Found a stone staircase leading down.
An ogre comes into view. It is wielding a +0 giant spiked club.
You shoot an arrow.
The arrow hits the ogre but does no damage.
The ogre shouts!
You shoot an arrow. The arrow hits the ogre!
The ogre is moderately wounded.
You hear a shout!
An ufetubus comes into view.
You hear a shout!
You shoot an arrow.
The arrow hits the ufetubus but does no damage.
You shoot an arrow. The arrow closely misses the ufetubus.
An endoplasm comes into view.
The ufetubus hits you but does no damage.
The ufetubus hits you.
You shoot an arrow. The arrow misses the ufetubus.
The endoplasm quivers.
The ufetubus barely misses you. The ufetubus misses you. x2
The ufetubus closely misses you.
You shoot an arrow. The arrow hits the ogre!
The ogre is severely wounded.
The ufetubus closely misses you. The ufetubus completely misses you.
The ogre hits you with a +0 giant spiked club!!
Ouch! That really hurt!
The ufetubus barely misses you.
The ufetubus hits you but does no damage.
You shoot an arrow. The arrow hits the ogre.
The ogre is severely wounded.
The ufetubus hits you but does no damage.
The ufetubus closely misses you.
The ogre hits you with a +0 giant spiked club!
You die...

#.........##.....
#.........##..... ####
#.........#..###' #....
#.........#...... #....
#.........#...... #.....
####......%......
......###...#...##......
......O..........+...##+
.......@.#########.....
......5### #<.....
...>J.. ....... ......#
....... ...#.. ####...
.. #.# + #. #.


You could see an ogre, an ufetubus and an endoplasm.

Vanquished Creatures
  A scorpion (D:4)
  5 adders
  2 dart slugs
  A ball python (D:3)
  4 endoplasms
  2 giant cockroaches
  8 goblins
  4 hobgoblins
  2 jackals (D:1)
  4 quokkas
  4 bats
  4 frilled lizards (D:2)
  4 kobolds
  A rat (D:2)
46 creatures vanquished.

Notes
Turn   | Place    | Note
-------+----------+-------------------------------------------
     0 | D:1      | qw the Gargoyle Hunter began the quest for the Orb.
     0 | D:1      | Reached XP level 1. HP: 12/12 MP: 1/1
     0 | D:1      | 0 ||| qw: Version: 0.3-a-76-g4403597
     0 | D:1      | 0 ||| qw: Game counter: 760
     0 | D:1      | 0 ||| qw: Melee chars always use a shield: true
     0 | D:1      | 0 ||| qw: God list: Okawaru
     0 | D:1      | 0 ||| qw: Allow faded altars: false
     0 | D:1      | 0 ||| qw: Do Orc after clearing Dungeon:15 true
     0 | D:1      | 0 ||| qw: Do second Lair branch before Depths: true
     0 | D:1      | 0 ||| qw: Lair rune preference: random
     0 | D:1      | 0 ||| qw: Goals: Normal
     0 | D:1      | 0 ||| PLANNING D:1-11
     5 | D:1      | You fall into a shaft and drop 1 floor!
    37 | D:2      | 37 ||| UPGRADING to ring of protection from fire.
    38 | D:2      | 38 ||| READING scroll labelled KANTOFA PAZI.
    39 | D:2      | 39 ||| DROPPING scroll of butterflies.
    56 | D:1      | Reached XP level 2. HP: 17/17 MP: 2/2
    88 | D:1      | Found Tiojul's General Store.
    96 | D:1      | 96 ||| SHOPLISTING +0 ring mail (52 gold, have 36).
    96 | D:1      | 96 ||| SHOPLISTING 2 potions of curing (78 gold, have 36).
    96 | D:1      | 96 ||| SHOPLISTING 2 scrolls of teleportation (78 gold,
                  | have 36).
    96 | D:1      | 96 ||| SHOPLISTING potion of heal wounds (65 gold, have
                  | 36).
   146 | D:1      | 146 ||| DROPPING +2 sling of flaming.
   240 | D:1      | Found Laal's Assorted Antiques.
   248 | D:1      | 248 ||| BUYING bubbling coppery potion (23 gold).
   248 | D:1      | Bought a bubbling coppery potion for 23 gold pieces
   248 | D:1      | 248 ||| BUYING cyan potion (23 gold).
   248 | D:1      | Bought a cyan potion for 23 gold pieces
   248 | D:1      | 248 ||| SHOPLISTING long wooden wand (104 gold, have 5).
   248 | D:1      | 248 ||| SHOPLISTING lumpy black potion (23 gold, have 5).
   248 | D:1      | 248 ||| SHOPLISTING scroll labelled ODUPTUOSTRI (26 gold,
                  | have 5).
   248 | D:1      | 248 ||| SHOPLISTING scroll labelled TEAMOXAMMI (26 gold,
                  | have 5).
   248 | D:1      | 248 ||| SHOPLISTING scroll labelled TIQINU WYCS (26 gold,
                  | have 5).
   343 | D:1      | Found Diludghe's Armour Boutique.
   343 | D:1      | Noticed an animated storm dragon scales
   343 | D:1      | Noticed an animated crystal plate armour
   356 | D:1      | 356 ||| SHOPLISTING +0 cloak of Vermicelli {+Blink rCorr
                  | Int-5} (136 gold, have 5).
   356 | D:1      | 356 ||| SHOPLISTING +0 ring mail (40 gold, have 5).
   356 | D:1      | 356 ||| SHOPLISTING +2 leather armour of fire resistance
                  | (190 gold, have 5).
   360 | D:1      | Reached XP level 3. HP: 21/21 MP: 3/3
   399 | D:1      | Found Zybb's Assorted Antiques.
   403 | D:1      | 403 ||| SHOPLISTING 2 grey potions (43 gold, have 5).
   403 | D:1      | 403 ||| SHOPLISTING cloak (108 gold, have 5).
   403 | D:1      | 403 ||| SHOPLISTING scintillating platinum ring (120 gold,
                  | have 5).
   413 | D:1      | Found Giodaar's Book Boutique.
   505 | D:1      | Reached skill level 5 in Ranged Weapons
   767 | D:1      | 767 ||| READING scroll labelled TIGHUO ETHRAYQIU.
  1008 | D:2      | Reached skill level 3 in Fighting
  1028 | D:2      | Reached XP level 4. HP: 28/28 MP: 4/4
  1065 | D:2      | 1065 ||| Stepping ~*~*~tactically~*~*~ (outnumbered).
  1067 | D:2      | 1067 ||| Stepping ~*~*~tactically~*~*~ (outnumbered).
  1081 | D:2      | 1081 ||| READING scroll labelled BAIMNIOKLA.
  1082 | D:2      | 1082 ||| READING scroll labelled JUOGGY ESSI.
  1103 | D:2      | 1103 ||| READING scroll labelled XAFRAS NAREAL.
  1119 | D:3      | 1119 ||| PLANNING SEWER
  1416 | D:3      | 1416 ||| READING scroll labelled PIM YDISMULUTS.
  1417 | D:3      | 1417 ||| READING scroll labelled ODUPTUOSTRI.
  1829 | D:3      | 1829 ||| RIP SEWER
  1830 | D:3      | 1830 ||| PLANNING D:1-11
  1830 | D:3      | 1830 ||| STAIRDANCE
  1887 | D:4      | Noticed a scorpion
  1893 | D:4      | Killed a scorpion
  1894 | D:4      | Reached skill level 6 in Ranged Weapons
  1894 | D:4      | Reached XP level 5. HP: 32/32 MP: 5/5
  1906 | D:4      | Noticed an ogre
  1912 | D:4      | HP: 3/32 [ogre/+0 giant spiked club (25)]
  1913 | D:4      | Mangled by an ogre

Levels and vault maps discovered:
D:1:      elethiomel_arrival_maze, layout_loops_ring, serial_shops,
          nicolae_shop_trees, shop, nicolae_shop_mannequins,
          nicolae_shop_rolling_square, nicolae_shop_crystal, hex_medium
D:2:      layout_rooms
D:3:      layout_basic, portal_sewer_entry_a, shapermc_ecumenical_altar_venn,
          serial_park_tiny_1, minmay_misc_feat_four_crosses,
          kennysheep_pointless_box, grunt_ministairs_3, roderic_roman_lattice
D:4:      layout_basic, minmay_temple_entry_proselytizer, gammafunk_ghost_arena,
          uniq_sigmund

Skill      XL: |  1  2  3  4 |
---------------+-------------+-----
Ranged Weapons | 5 6 |  6.1
Fighting       | 3 |  3.2
Dodging        | |  1.5
Stealth        | |  1.1

Action                     |  1- 3 |  4- 6 || total
---------------------------+-------+-------++-------
   Fire: Shortbow          |   120 |    55 ||   175
    Use: Scroll            |     2 |     5 ||     7
 Armour: Leather armour    |    34 |    22 ||    56
  Dodge: Dodged            |    29 |    24 ||    53

Table legend:
 A = Non-vault XP
 B = Vault XP
 C = Vault XP percentage of total XP
 D = Non-vault monster count
 E = Vault monster count
 F = Vault count percentage of total count
                 A         B        C        D         E       F
            +---------+---------+-------+---------+---------+-------
      Total |     204 |      15 |   6.8 |      44 |       2 |   4.3
            +---------+---------+-------+---------+---------+-------
        D:1 |      35 |       0 |   0.0 |      18 |       0 |   0.0
        D:2 |      55 |       0 |   0.0 |      20 |       0 |   0.0
        D:3 |      31 |      15 |  32.6 |       4 |       2 |  33.3
        D:4 |      83 |       0 |   0.0 |       2 |       0 |   0.0
            +---------+---------+-------+---------+---------+-------
